 Dungeon Crawl Stone Soup version 0.25-a0-558-g78a2afb0af (webtiles) character file.

Game seed: 5743085472930284078, levelgen mode: deterministic

172252 An17 the Wrestler (level 17, -1/144 HPs)
             Began as a Ghoul Monk on Feb 25, 2020.
             Was the Champion of Ru.
             Killed from afar by Nikola (16 damage)
             ... with a chain lightning
             ... on level 1 of the Snake Pit.
             The game lasted 02:20:20 (24545 turns).

An17 the Wrestler (Ghoul Monk)                     Turns: 24545, Time: 02:20:23

Health: -1/144     AC: 23    Str: 28    XL:     17   Next: 73%
Magic:  16/16      EV: 13    Int:  5    God:    Ru [******]
Gold:   2418       SH:  4    Dex: 11    Spells: 16/16 levels left

rFire    . . .     SeeInvis +     - Unarmed
rCold    + . .     Gourm    .   (no shield)
rNeg     + + +     Faith    .   C - +0 plate armour
rPois    ∞         Spirit   .   A - +2 hat {SInv}
rElec    .         Reflect  +   h - +2 cloak
rCorr    .         Harm     .   (no gloves)
MR       +....                  z - +0 pair of boots
Stlth    ..........             a - +4 amulet of reflection
HPRegen  0.00/turn              Q - +5 ring of evasion
MPRegen  0.15/turn              B - +6 ring of strength

@: rotting, studying Long Blades
A: rotting body, claws 1, carnivore, cold resistance 1, negative energy
resistance 3, inhibited regeneration, torment resistance, unbreathing, no
stealth, inability to use devices, hated by all, inability to train dodging, no
charms magic, no fire magic, no necromancy magic
}: 1/15 runes: decaying
a: Draw Out Power, Power Leap, Apocalypse, Renounce Religion


You were on level 1 of the Snake Pit.
You worshipped Ru.
Ru was exalted by your worship.
You were not hungry.

You visited 6 branches of the dungeon, and saw 29 of its levels.
You also visited: Gauntlet.

You collected 2418 gold pieces.

Inventory:

Hand Weapons
 L - a +5 dagger
 N - a +0 lajatang of venom
 O - a +6 spear
 X - the +7 glaive "Wurph" {flame, MR++ MP+9 Int-4}
   (You found it on level 15 of the Dungeon)

   It has been specially enchanted to burn those struck by it, causing extra
   injury to most foes and up to half again as much damage against particularly
   susceptible opponents.
   Big, fiery blades are also staple armaments of hydra-hunters.
   It affects your intelligence (-4).
   It affects your resistance to hostile enchantments.
   It affects your magic capacity (+9).
 Z - a +4 scimitar
Missiles
 k - 4 throwing nets (quivered)
 o - 47 boomerangs
Armour
 h - a +2 cloak (worn)
 z - a +0 pair of boots (worn)
 A - a +2 hat of see invisible (worn)
 C - a +0 plate armour (worn)
 M - a +1 troll leather armour {Snorg}
Jewellery
 a - a +4 amulet of reflection (around neck)
 d - an uncursed ring of fire
 p - a +3 ring of dexterity
 q - an uncursed ring of see invisible
 u - an uncursed ring of protection from fire
 B - a +6 ring of strength (right claw)
 E - an uncursed ring of ice
 Q - a +5 ring of evasion (left claw)
Scrolls
 e - a scroll of fear
 l - 4 scrolls of enchant armour
 m - 3 scrolls of identify
 r - 8 scrolls of teleportation
 t - 4 scrolls of remove curse
 y - 4 scrolls of magic mapping
 G - a scroll of fog
 J - 6 scrolls of enchant weapon
 P - 3 scrolls of amnesia
 V - 2 scrolls of immolation
 W - a scroll of blinking
Potions
 f - 8 potions of heal wounds
 g - a potion of magic
 i - 7 potions of curing
 v - 2 potions of ambrosia
 D - 2 potions of cancellation
 F - a potion of might
 I - 3 potions of stabbing
 K - 3 potions of brilliance
 R - a potion of invisibility
 S - a potion of resistance
 U - a potion of flight
 Y - 2 potions of haste
Books
 T - a manual of Long Blades
Miscellaneous
 H - a lightning rod (4/4)
Comestibles
 b - 36 rations
 c - 22 chunks of flesh


   Skills:
 * Level 11.3 Fighting
 * Level 13.1 Armour
   Level 1.4 Shields
 * Level 25.2 Unarmed Combat


You had 16 spell levels left.
You didn't know any spells.
Your spell library contained the following spells:

 Spells                   Type           Power        Failure   Level  Hunger
 Apportation              Tloc           #.....       98%         1    ##.....
 Corona                   Hex            #......      98%         1    ##.....
 Shock                    Conj/Air       #...         98%         1    ##.....
 Ensorcelled Hibernation  Hex/Ice        #.....       99%         2    ###....
 Passwall                 Tmut/Erth      #.......     99%         2    ###....
 Confusing Touch          Hex            #.......     100%        3    ####...
 Dazzling Flash           Conj/Hex       #.....       100%        3    ####...
 Static Discharge         Conj/Air       #.......     100%        3    ####...
 Tukima's Dance           Hex            #.......     100%        3    ####...
 Airstrike                Air            #.........   100%        4    #####..
 Passage of Golubria      Tloc           N/A          100%        4    #####..
 Lee's Rapid Deconstruct  Erth           #.........   100%        5    ######.
 Lightning Bolt           Conj/Air       #.........   100%        5    ######.
 Darkness                 Hex            #.........   100%        6    #######
 Invisibility             Hex            #.......     100%        6    #######
 Iron Shot                Conj/Erth      #.........   100%        6    #######
 Orb of Destruction       Conj           #.........   100%        7    #######
 Animate Skeleton         Necr           Unusable     N/A         1    N/A
 Infusion                 Chrm           Unusable     N/A         1    N/A
 Pain                     Necr           Unusable     N/A         1    N/A
 Summon Small Mammal      Summ           Unusable     N/A         1    N/A
 Shroud of Golubria       Chrm/Tloc      Unusable     N/A         2    N/A
 Song of Slaying          Chrm           Unusable     N/A         2    N/A
 Swiftness                Chrm/Air       Unusable     N/A         2    N/A
 Ozocubu's Armour         Chrm/Ice       Unusable     N/A         3    N/A
 Spectral Weapon          Hex/Chrm       Unusable     N/A         3    N/A
 Vampiric Draining        Necr           Unusable     N/A         3    N/A
 Animate Dead             Necr           Unusable     N/A         4    N/A
 Agony                    Necr           Unusable     N/A         5    N/A
 Bolt of Magma            Conj/Fire/Erth Unusable     N/A         5    N/A
 Iskenderun's Battlesphe  Conj/Chrm      Unusable     N/A         5    N/A
 Spellforged Servitor     Conj/Summ      Unusable     N/A         7    N/A

Dungeon Overview and Level Annotations

Branches:
Dungeon (15/15)            Temple (1/1) D:4            Lair (6/6) D:8
  Swamp (4/4) Lair:4        Snake (1/4) Lair:4        Slime (0/5) Lair:6
    Orc (2/2) D:12            Elf (0/3) Orc:2        Vaults (0/5) D:13
 Depths (0/5) D:15        Gauntlet (visited)

Altars:
Ashenzari
Cheibriados
Dithmenos
Elyvilon
Fedhas
Gozag
Hepliaklqana
Kikubaaqudgha
Makhleb
Nemelex Xobeh
Okawaru
Qazlal
Ru
Sif Muna
Trog
Uskayaw
Vehumet
Wu Jian
Xom
Yredelemnul
Zin
The Shining One

Shops:
D:11 %   Orc:2 }=((

Annotations:
Lair:2 3 runed translucent doors, Neppajuco's ghost, journeyman CeAK; Piu's ghost, journeyman GnTm; mive's ghost, journeyman CeHu
Snake:1 Nikola
Orc:2 2 transporters, Sickboy's ghost, journeyman MiBe


Innate Abilities, Weirdness & Mutations

Your body is rotting away.
You thrive on raw meat.
You are immune to poison.
You have sharp fingernails.
You are carnivorous and can eat meat at any time.
Your flesh is cold resistant. (rC+)
You are immune to negative energy. (rN+++)
You do not regenerate when monsters are visible.
You are immune to unholy pain and torment.
You can survive without breathing.
You cannot be stealthy.
You cannot study or use magical devices.
You are hated by all.
You cannot train Dodging skill.
You cannot study or cast Charms magic.
You cannot study or cast Fire magic.
You cannot study or cast Necromancy magic.


Message History

Nikola hits himself with a +0 rapier of electrocution!
Lightning courses through Nikola!! You completely miss Nikola.
Nikola is almost dead.
Nikola stops glowing.
The naga warrior is stunned by your will and fails to attack.
The naga warrior constricts you.
You closely miss Nikola.
Nikola is almost dead.
Nikola mumbles some strange words.
You hear a mighty clap of thunder!
The lightning arc hits you!!!
* * * LOW HITPOINT WARNING * * *
The lightning arc hits the naga warrior!!
The lightning arc hits you!!
* * * LOW HITPOINT WARNING * * *
The lightning arc hits the naga warrior!!
The naga warrior dies!
The lightning arc hits you!
You die...

.#.##/..........##....@.....
.#.'..#........###..........
.#.#..##..##..# #...._......
##)##.......### #...........
#8.###......# #...........
..###.##....## ##....N......
###..#####...###.....)......
.......#####...@#####.######
.........##.####@)...##
..........#.# ####.##
............## ..
.............## .#
............... #
.......>....###
............# #..........##
##........##


You could see Nikola.

Vanquished Creatures
  Bai Suzhen (Swamp:3)
  the Lernaean hydra (Swamp:4)
  Saint Roka (Orc:2)
  Jorgrun (Swamp:3)
  A sphinx (D:14)
  Frances (Swamp:2)
  An orc warlord (Orc:2)
  Aizul (Swamp:3)
  A very ugly thing (Swamp:3)
  2 entropy weavers (Lair:4)
  Nessos (Orc:2)
  A yaktaur captain (D:15)
  Snorg (Lair:4)
  20 hydras
  A centaur warrior (D:15)
  Fannar (Lair:1)
  15 alligators
  A queen ant (Lair:4)
  12 two-headed ogres
  3 anacondas (Snake:1)
  2 ogre magi
  A tengu warrior (D:12)
  5 orc high priests (Orc:2)
  A spriggan druid (Swamp:4)
  8 orc knights
  10 swamp dragons
  Pikel (D:4)
  A wizard (D:12)
  A necromancer (Swamp:2)
  24 ugly things
  A wolf spider (D:12)
  2 cyclopes
  3 manticores
  14 elephants
  A centaur zombie (D:12)
  Maurice (D:9)
  2 naga magi (Snake:1)
  7 black mambas
  A torpor snail (Lair:2)
  5 centaur skeletons
  20 spiny frogs
  2 gargoyles
  5 rime drakes
  2 yaktaurs
  A freezing wraith (D:14)
  5 komodo dragons
  5 polar bears
  16 trolls
  14 bog bodies
  14 tyrant leeches
  9 hornets
  Grinder (D:3)
  16 blink frogs
  A dream sheep (Lair:6)
  A hornet (shapeshifter) (D:12)
  14 slime creatures
  15 hippogriffs
  A wraith (D:12)
  Sigmund (D:4)
  An alligator zombie (Swamp:2)
  16 spriggans
  2 shadows
  Eustachio (D:5)
  4 fire bats (Lair:2)
  2 wyverns
  29 yaks
  A tyrant leech zombie (Swamp:2)
  A basilisk (D:8)
  3 hungry ghosts
  A steam dragon (shapeshifter) (D:12)
  16 vampire mosquitoes
  Grum (D:9)
  Edmund (D:5)
  7 insubstantial wisps
  A warg (Orc:2)
  5 nagas (Snake:1)
  18 swamp worms
  An acid dragon (D:15)
  11 water moccasins
  6 soldier ants
  6 porcupines
  16 swamp drakes
  4 sky beasts
  42 orc warriors
  4 ice beasts
  3 phantoms
  4 slaves
  2 black bears (Lair:6)
  4 necrophages
  3 eyes of draining
  22 wolves
  5 boggarts (Lair:6)
  2 swamp dragon zombies (Swamp:2)
  10 ogres
  6 centaurs
  9 crocodiles
  Blork the orc (D:5)
  3 big kobolds
  16 bullfrogs
  A wyvern skeleton (D:13)
  3 scorpions
  13 killer bees
  6 wights
  A howler monkey (D:8)
  A vampire bat (Orc:2)
  4 electric eels (D:8)
  2 lava snakes (Lair:2)
  7 crimson imps
  2 quasits
  Crazy Yiuf (D:3)
  5 jellies
  36 orc priests
  3 bullfrog skeletons
  6 hounds
  33 orc wizards
  Ijyb (D:4)
  7 iguanas
  17 worker ants
  2 hell rats (Lair:1)
  3 killer bee zombies
  A crocodile zombie (Swamp:2)
  A hound zombie (D:8)
  3 hound skeletons
  A howler monkey zombie (D:9)
  A worker ant zombie (D:10)
  6 gnolls
  11 river rats (Lair:1)
  A swamp drake zombie (Swamp:2)
  12 adders
  A shadow imp (D:11)
  12 white imps (Lair:1)
  An adder skeleton (D:5)
  7 worms
  A dart slug (D:2)
  6 leopard geckos
  92 orcs
  A ball python (D:1)
  12 giant cockroaches
  8 goblins
  9 hobgoblins
  4 jackals (D:5)
  23 kobolds
  8 quokkas
  14 bats
  4 frilled lizards
  A leopard gecko skeleton (D:5)
  10 rats
  A bush (Lair:6)
  9 fungi
  5 plants
1011 creatures vanquished.

Vanquished Creatures (others)
  A naga warrior (Snake:1)
  A spriggan druid (Swamp:3)
  A troll (Orc:2)
  A hornet (Swamp:3)
  A yak (Lair:1)
  A vampire mosquito (Swamp:2)
  A water moccasin (Lair:6)
  A wolf (Lair:6)
  A hound (D:11)
  A worker ant (Lair:4)
  A hound skeleton (D:7)
  2 orcs (Orc:2)
  A kobold (D:12)
  A bush (Swamp:4)
  8 fungi
  11 plants
34 creatures vanquished.

Grand Total: 1045 creatures vanquished

Notes
Turn   | Place    | Note
-------+----------+-------------------------------------------
     0 | D:1      | An17 the Ghoul Monk began the quest for the Orb.
     0 | D:1      | Reached XP level 1. HP: 19/19 MP: 0/0
   161 | D:1      | Reached XP level 2. HP: 25/25 MP: 1/1
   218 | D:1      | Reached skill level 4 in Unarmed Combat
   490 | D:1      | Reached XP level 3. HP: 9/31 MP: 2/2
   664 | D:2      | Reached XP level 4. HP: 34/40 MP: 3/3
   695 | D:2      | Reached skill level 5 in Unarmed Combat
  1407 | D:3      | Reached skill level 6 in Unarmed Combat
  1407 | D:3      | Reached XP level 5. HP: 44/45 MP: 4/4
  1529 | D:3      | Found a runed translucent door.
  1530 | D:3      | Noticed Crazy Yiuf
  1539 | D:3      | Killed Crazy Yiuf
  1539 | D:3      | Reached skill level 1 in Armour
  1649 | D:3      | Found a faded altar of an unknown god.
  1687 | D:3      | Found a shattered altar of Ashenzari.
  1826 | D:3      | Noticed Grinder
  1835 | D:3      | Paralysed by Grinder for 4 turns
  1847 | D:3      | Killed Grinder
  1847 | D:3      | Reached skill level 7 in Unarmed Combat
  1847 | D:3      | Reached XP level 6. HP: 20/52 MP: 5/5
  2135 | D:4      | Reached XP level 7. HP: 57/58 MP: 6/6
  2179 | D:4      | Found a sparkling altar of Nemelex Xobeh.
  2207 | D:4      | Found a staircase to the Ecumenical Temple.
  2222 | D:4      | Noticed Pikel
  2229 | Temple   | Entered the Ecumenical Temple
  2255 | Temple   | Became a worshipper of Ru the Awakened
  2256 | Temple   | Gained mutation: You are hated by all. [Ru sacrifice]
  2256 | Temple   | Reached * piety under Ru
  2288 | D:4      | Killed Pikel
  2288 | D:4      | Reached skill level 9 in Unarmed Combat
  2288 | D:4      | Reached XP level 8. HP: 17/66 MP: 7/7
  2342 | D:4      | Noticed Sigmund
  2367 | D:4      | Killed Sigmund
  2389 | D:4      | Reached skill level 10 in Unarmed Combat
  2487 | D:4      | Found a shimmering blue altar of Sif Muna.
  2652 | D:4      | Noticed Ijyb
  2658 | D:4      | Killed Ijyb
  2819 | D:5      | Entered Level 5 of the Dungeon
  2821 | D:5      | Noticed Eustachio
  2829 | D:5      | Killed Eustachio
  2831 | D:5      | Reached skill level 1 in Shields
  2851 | D:5      | Noticed Blork the orc
  2858 | D:5      | Killed Blork the orc
  2858 | D:5      | Reached XP level 9. HP: 61/71 MP: 8/8
  2885 | D:5      | Noticed Edmund
  2893 | D:5      | Reached skill level 11 in Unarmed Combat
  2910 | D:5      | Killed Edmund
  2994 | D:5      | Found a glowing golden altar of the Shining One.
  3095 | D:5      | Found a basalt altar of Yredelemnul.
  3634 | D:6      | Found a glowing silver altar of Zin.
  3931 | D:6      | Found an iron altar of Okawaru.
  4127 | D:6      | Gained mutation: You cannot study or use magical devices.
                  | [Ru sacrifice]
  4127 | D:6      | Reached ** piety under Ru
  4127 | D:6      | Reached *** piety under Ru
  4158 | D:6      | Reached skill level 12 in Unarmed Combat
  4422 | D:7      | Found a shadowy altar of Dithmenos.
  4573 | D:7      | Found a sparkling altar of Nemelex Xobeh.
  4727 | D:7      | Reached skill level 13 in Unarmed Combat
  5409 | D:8      | Reached XP level 10. HP: 79/79 MP: 9/9
  5830 | D:8      | Found a staircase to the Lair.
  5864 | D:8      | Reached skill level 5 in Armour
  6090 | D:8      | Gained mutation: You cannot train Dodging skill. [Ru
                  | sacrifice]
  6090 | D:8      | Reached **** piety under Ru
  6090 | D:8      | Reached ***** piety under Ru
  6341 | D:8      | Noticed a two-headed ogre
  6345 | D:8      | Killed a two-headed ogre
  6345 | D:8      | Reached skill level 14 in Unarmed Combat
  6345 | D:8      | Noticed a two-headed ogre
  6357 | D:8      | Killed a two-headed ogre
  6357 | D:8      | Reached skill level 5 in Fighting
  6735 | Lair:1   | Entered Level 1 of the Lair of Beasts
  6804 | Lair:1   | Reached skill level 15 in Unarmed Combat
  6848 | Lair:1   | Reached XP level 11. HP: 73/88 MP: 10/10
  6851 | Lair:1   | Found a frozen archway.
  7219 | Lair:1   | Noticed Fannar
  7237 | Lair:1   | Killed Fannar
  7237 | Lair:1   | Reached skill level 16 in Unarmed Combat
  7756 | Lair:2   | Gained mutation: You cannot be stealthy. [Ru sacrifice]
  7790 | Lair:2   | Found a runed translucent gate.
  7790 | Lair:2   | Found a runed translucent gate.
  7791 | Lair:2   | Found a runed translucent gate.
  7792 | Lair:2   | Noticed mive's ghost (journeyman CeHu)
  7792 | Lair:2   | Noticed Neppajuco's ghost (journeyman CeAK)
  7792 | Lair:2   | Noticed Piu's ghost (journeyman GnTm)
  8140 | Lair:2   | Reached XP level 12. HP: 74/97 MP: 11/11
  8144 | Lair:2   | Reached skill level 17 in Unarmed Combat
  9125 | Lair:4   | Found a staircase to the Swamp.
  9187 | Lair:4   | Noticed a seven-headed hydra
  9192 | Lair:4   | Reached skill level 18 in Unarmed Combat
  9196 | Lair:4   | Noticed an entropy weaver
  9200 | Lair:4   | Killed a seven-headed hydra
  9203 | Lair:4   | Killed an entropy weaver
  9207 | Lair:4   | Noticed a queen ant
  9228 | Lair:4   | Killed a queen ant
  9269 | Lair:4   | Gained mutation: You cannot study or cast Fire magic. [Ru
                  | sacrifice]
  9269 | Lair:4   | Gained mutation: You cannot study or cast Necromancy magic.
                  | [Ru sacrifice]
  9269 | Lair:4   | Gained mutation: You cannot study or cast Charms magic. [Ru
                  | sacrifice]
  9269 | Lair:4   | Reached ****** piety under Ru
  9272 | Lair:4   | Noticed an entropy weaver
  9281 | Lair:4   | Killed an entropy weaver
  9281 | Lair:4   | Reached XP level 13. HP: 84/105 MP: 12/12
  9388 | Lair:4   | Found a staircase to the Snake Pit.
  9394 | Lair:4   | Noticed Snorg
  9402 | Lair:4   | Killed Snorg
  9925 | Lair:5   | Reached skill level 19 in Unarmed Combat
 10546 | Snake:1  | Entered Level 1 of the Snake Pit
 10965 | Lair:6   | Entered Level 6 of the Lair of Beasts
 10965 | Lair:6   | Found a staircase to the Slime Pits.
 11515 | Lair:6   | Reached skill level 20 in Unarmed Combat
 11631 | Lair:6   | Reached XP level 14. HP: 100/116 MP: 13/13
 12325 | D:9      | Noticed Maurice
 12331 | D:9      | Killed Maurice
 12446 | D:9      | Found an ornate altar of the Wu Jian Council.
 12540 | D:9      | Noticed Grum
 12544 | D:9      | Killed Grum
 12849 | D:10     | Entered Level 10 of the Dungeon
 12916 | D:10     | Found a basalt altar of Yredelemnul.
 13257 | D:11     | Found a gate leading to a gauntlet.
 13271 | Gauntlet | Entered a Gauntlet
 13271 | Gauntlet | Found a transporter.
 13271 | Gauntlet | Found a transporter.
 13273 | Gauntlet | Found a transporter.
 13284 | Gauntlet | Found a transporter.
 13287 | Gauntlet | Found a transporter.
 13295 | Gauntlet | Found a transporter.
 13299 | Gauntlet | Found a transporter.
 13308 | Gauntlet | Found a transporter.
 13323 | Gauntlet | Found a transporter.
 13337 | Gauntlet | Found a transporter.
 13341 | Gauntlet | Found a transporter.
 13352 | Gauntlet | Found a transporter.
 13500 | D:11     | Reached skill level 10 in Armour
 13649 | D:11     | You fall into a shaft and drop 1 floor!
 14199 | D:11     | Found Nuemuhas's Food Shoppe.
 14532 | D:12     | Found a staircase to the Orcish Mines.
 14608 | D:12     | Reached skill level 21 in Unarmed Combat
 14662 | D:12     | Found a runed translucent door.
 15411 | Orc:1    | Entered Level 1 of the Orcish Mines
 15599 | Orc:2    | Entered Level 2 of the Orcish Mines
 15753 | Orc:2    | Found a transporter.
 15764 | Orc:2    | Noticed Sickboy's ghost (journeyman MiBe)
 15777 | Orc:2    | Found a transporter.
 15794 | Orc:2    | Noticed an orc warlord
 15846 | Orc:2    | Killed an orc warlord
 16108 | Orc:2    | Noticed Nessos
 16128 | Orc:2    | Killed Nessos
 16128 | Orc:2    | Reached XP level 15. HP: 51/123 MP: 14/14
 16206 | Orc:2    | Noticed Saint Roka
 16227 | Orc:2    | Killed Saint Roka
 16367 | Orc:2    | Reached skill level 22 in Unarmed Combat
 16738 | Orc:2    | Found a staircase to the Elven Halls.
 16945 | Orc:2    | Found Far Jiri's Gadget Emporium.
 16945 | Orc:2    | Found Doiso Xaam's Weapon Emporium.
 16946 | Orc:2    | Found Ohodaarr's Jewellery Shoppe.
 16946 | Orc:2    | Found Vegoowniovy's Antique Weapon Emporium.
 17486 | D:13     | Found a gate to the Vaults.
 18181 | D:14     | Found an iron altar of Okawaru.
 18214 | D:14     | Noticed a sphinx
 18219 | D:14     | Killed a sphinx
 19078 | D:15     | Entered Level 15 of the Dungeon
 19520 | D:15     | Reached skill level 10 in Fighting
 19534 | D:15     | Reached skill level 23 in Unarmed Combat
 19759 | D:15     | Reached XP level 16. HP: 134/134 MP: 15/15
 19852 | D:15     | Found a staircase to the Depths.
 20085 | D:15     | Got a translucent glaive
 20086 | D:15     | Identified the +7 glaive "Wurph" {flame, MR++ MP+9 Int-4}
                  | (You found it on level 15 of the Dungeon)
 20386 | Swamp:1  | Entered Level 1 of the Swamp
 21251 | Swamp:2  | Noticed Frances
 21283 | Swamp:2  | Killed Frances
 21999 | Swamp:3  | Reached skill level 24 in Unarmed Combat
 22054 | Swamp:3  | Noticed Jorgrun
 22077 | Swamp:3  | Killed Jorgrun
 22200 | Swamp:3  | Noticed Bai Suzhen
 22208 | Swamp:4  | Entered Level 4 of the Swamp
 22308 | Swamp:3  | Killed Bai Suzhen
 22541 | Swamp:3  | Noticed Aizul
 22568 | Swamp:3  | Killed Aizul
 22572 | Swamp:3  | Reached XP level 17. HP: 89/143 MP: 16/16
 23325 | Swamp:4  | Noticed the 27-headed Lernaean hydra
 23347 | Swamp:4  | Reached skill level 25 in Unarmed Combat
 23588 | Swamp:4  | Killed the 27-headed Lernaean hydra
 23633 | Swamp:4  | Got a decaying rune of Zot
 23772 | Swamp:4  | Found a snail-covered altar of Cheibriados.
 24512 | Snake:1  | Found a stormy altar of Qazlal.
 24519 | Snake:1  | Noticed Nikola
 24545 | Snake:1  | Killed from afar by Nikola

Levels and vault maps discovered:
D:1:      heliophobic_arrival_battle_scene, layout_basic, minmay_curled_crystal
D:2:      wad_woods_tower, layout_loops_ring
D:3:      layout_basic, chequers_ecumenical_altar_simple_redux,
          nicolae_ashenzari_panopticon, uniq_grinder, uniq_crazy_yiuf_cottage
D:4:      layout_cave_pools, kennysheep_mini, nemelex_xobeh_ov_fountains_minmay,
          minmay_temple_entry_glass, minmay_misc_feat_square,
          grunt_ministairs_10, uniq_pikel, uniq_ijyb, uniq_sigmund
D:5:      layout_basic, lemuel_round_altar, basic_altar, first_ration,
          minmay_misc_feat_iff, sigmund_army, uniq_edmund, uniq_blork_the_orc,
          uniq_eustachio
D:6:      layout_cave_pods, marbit_many_paths, basic_altar
D:7:      layout_basic, nicolae_dithmenos_the_darkroom,
          nemelex_spade_bored_becter
D:8:      layout_loops_ring, david_lair_generic, serial_bayou,
          serial_bayou_shore_b, serial_bayou_shore_a, serial_bayou_lake_a,
          serial_bayou_pond_a, serial_bayou_pond_e, grunt_ogre_cave,
          lemuel_old_faithful
D:9:      layout_roguey, lemuel_crystal_altar, uniq_maurice, uniq_grum
D:10:     layout_cave_pools, basic_altar, serial_park, serial_park_avenue1,
          serial_park_tiny_pond, serial_park_square2
D:11:     layout_gridville, gauntlet_entry_generic, serial_shops,
          kennysheep_mini_moat, minmay_statues_item
D:12:     minmay_the_grid_triangle_9x9_rhombus_full
          [minmay_the_grid_triangle_9x9_subtriangle,
          minmay_the_grid_triangle_9x9_corruption,
          minmay_the_grid_triangle_9x9_odd_lines,
          minmay_the_grid_triangle_9x9_alien,
          minmay_the_grid_triangle_9x9_corrupted_corridor,
          minmay_the_grid_triangle_9x9_zippers_vertical,
          minmay_the_grid_triangle_9x9_skeleton,
          minmay_the_grid_triangle_9x9_prize_schism], layout_irregular_city
D:13:     layout_loops_corners, david_vaults_2
D:14:     layout_basic, serial_park_square1 [serial_park_minivault_5x5_4],
          kennysheep_generic_room_5
D:15:     grunt_enter_depths_snipers, layout_basic,
          chequers_serial_rivers_micro_c
Temple:   lightli_temple_of_artemis
Lair:1:   layout_long_grid, portal_ice_cave_entry_imps, kennysheep_rathole,
          grunt_megastairs_5, uniq_fannar
Lair:2:   layout_gridlike, gammafunk_ghost_cemetery, st_stairs_10,
          hangedman_lair_unloving_vines, infiniplex_staircase_pool_2
Lair:3:   layout_long_grid
Lair:4:   layout_hall_layers, skrybe_swamp_entry_bodies, dummy_snake_entry,
          wad_woods_antlair, uniq_snorg
Lair:5:   layout_cave_pods
Lair:6:   minmay_lair_end_enchanted_forest, layout_small_grid,
          minmay_slime_entry_pillars
Swamp:1:  layout_falls_marsh, serial_swamp_ruin, hangedman_swamp_ruin_hall,
          evilmike_swamp_ruin_house_1, swamp_pool3, nicolae_swamp_round_clearing
Swamp:2:  layout_basic_swamp, hangedman_swamp_diagram, swamp_pool3,
          nicolae_swamp_necromancer_hut, uniq_frances
Swamp:3:  layout_basic_swamp, evilmike_swamp_ruin_house_5, uniq_bai_suzhen,
          uniq_aizul, uniq_jorgrun
Swamp:4:  grunt_swamp_rune_castle, layout_basic_swamp, swamp_pool5,
          lemuel_altar_in_water
Snake:1:  layout_chambers, basic_altar, st_stairs_5, grunt_ministairs_11,
          uniq_nikola
Orc:1:    layout_caves, serial_shops, shop
Orc:2:    st_orc_pillars, layout_diamond_mine, gammafunk_ghost_stat_death,
          roderic_batcave, uniq_saint_roka, uniq_nessos

Skill      XL: |  1  2  3  4  5  6  7  8  9 10 11 12 13 14 15 16 17 |
---------------+----------------------------------------------------+-----
Unarmed Combat | 4 6 7 9 10 13 15 16 18 20 21 23 24 25 | 25.2
Armour         | 1 2 3 4 5 7 8 9 10 11 12 13 | 13.1
Fighting       | 4 5 6 7 8 9 10 11 | 11.3
Shields        | 1 |  1.4
Dodging        | 0 |  0.0
Stealth        | 0 |  0.0

Action                   |  1- 3 |  4- 6 |  7- 9 | 10-12 | 13-15 | 16-18 || total
-------------------------+-------+-------+-------+-------+-------+-------++-------
Melee: Unarmed           |   117 |   175 |   324 |   439 |  1355 |   751 ||  3161
       Punch             |       |     5 |    16 |    32 |   111 |    69 ||   233
Invok: Sacrifice Love    |       |       |     1 |       |       |       ||     1
       Sacrifice Artific |       |       |     1 |       |       |       ||     1
       Apocalypse        |       |       |       |     4 |     5 |     4 ||    13
       Draw Out Power    |       |       |       |     1 |       |       ||     1
       Sacrifice Nimblen |       |       |       |     1 |       |       ||     1
       Sacrifice Stealth |       |       |       |     1 |       |       ||     1
       Sacrifice Arcana  |       |       |       |     1 |       |       ||     1
       Power Leap        |       |       |       |       |     1 |       ||     1
  Use: Scroll            |     4 |     2 |     4 |     8 |    13 |     5 ||    36
       Potion            |       |       |     4 |       |     1 |       ||     5
 Stab: Sleeping          |       |     4 |       |     1 |       |       ||     5
       Paralysed         |       |       |       |     6 |    13 |    11 ||    30
       Invisible         |       |       |       |     6 |     5 |    11 ||    22
       Distracted        |       |       |       |     3 |     6 |     4 ||    13
       Confused          |       |       |       |       |       |     1 ||     1
  Eat: Chunk             |    20 |    32 |    46 |    68 |   213 |   126 ||   505
       Ration            |       |       |       |       |       |     1 ||     1
Armor: Robe              |     8 |       |       |       |       |       ||     8
       Ring mail         |    26 |    49 |   111 |    11 |       |       ||   197
       Plate armour      |       |       |       |   140 |   609 |   393 ||  1142
Dodge: Dodged            |    64 |    63 |   132 |    96 |   453 |   419 ||  1227
Block: Other             |    19 |    15 |    43 |    35 |   189 |   101 ||   402
       Reflection        |       |     1 |       |     1 |     5 |     4 ||    11

Table legend:
 A = Non-vault XP
 B = Vault XP
 C = Vault XP percentage of total XP
 D = Non-vault monster count
 E = Vault monster count
 F = Vault count percentage of total count
                 A         B        C        D         E       F
            +---------+---------+-------+---------+---------+-------
      Total |  140020 |   87483 |  38.5 |     706 |     296 |  29.5
            +---------+---------+-------+---------+---------+-------
        D:1 |      51 |       0 |   0.0 |      24 |       0 |   0.0
        D:2 |      72 |      36 |  33.3 |      26 |       6 |  18.8
        D:3 |      90 |     325 |  78.3 |      16 |       2 |  11.1
        D:4 |     547 |     976 |  64.1 |      20 |       4 |  16.7
        D:5 |     526 |     438 |  45.4 |      27 |       4 |  12.9
        D:6 |     449 |       2 |   0.4 |      15 |       1 |   6.2
        D:7 |    1025 |       0 |   0.0 |      18 |       0 |   0.0
        D:8 |    2759 |     839 |  23.3 |      25 |       5 |  16.7
        D:9 |    1661 |     874 |  34.5 |      17 |       5 |  22.7
       D:10 |     648 |       0 |   0.0 |      15 |       0 |   0.0
       D:11 |    4707 |       0 |   0.0 |      34 |       0 |   0.0
       D:12 |    6112 |    7947 |  56.5 |      50 |      25 |  33.3
       D:13 |    1263 |    2643 |  67.7 |      21 |       3 |  12.5
       D:14 |    7229 |     397 |   5.2 |      20 |       2 |   9.1
       D:15 |   16602 |    2225 |  11.8 |      41 |       3 |   6.8
     Lair:1 |    5039 |    2511 |  33.3 |      24 |      32 |  57.1
     Lair:2 |    2653 |     806 |  23.3 |      15 |       2 |  11.8
     Lair:3 |    3658 |       0 |   0.0 |      17 |       0 |   0.0
     Lair:4 |    6133 |    6048 |  49.7 |      15 |      16 |  51.6
     Lair:5 |    6362 |       0 |   0.0 |      22 |       0 |   0.0
     Lair:6 |    8219 |    8599 |  51.1 |      25 |      49 |  66.2
    Swamp:1 |    5530 |       0 |   0.0 |      15 |       0 |   0.0
    Swamp:2 |   15516 |    3438 |  18.1 |      45 |       8 |  15.1
    Swamp:3 |   22900 |   17245 |  43.0 |      45 |      19 |  29.7
    Swamp:4 |    8042 |   12929 |  61.7 |      26 |      18 |  40.9
    Snake:1 |    5912 |     611 |   9.4 |      12 |       2 |  14.3
      Orc:1 |     444 |       0 |   0.0 |       9 |       0 |   0.0
      Orc:2 |    5871 |   18594 |  76.0 |      67 |      90 |  57.3
            +---------+---------+-------+---------+---------+-------
